[Event "Early-Titled-Tuesday-Blitz-September-05-2023"]
[Site "Chess.com"]
[Date "2023.09.05"]
[Round "2"]
[White "subham777"]
[Black "JeRoma71"]
[Result "0-1"]
[WhiteElo "2549"]
[BlackElo "2804"]
[TimeControl "180+1"]
[EndTime "8:16:56 PDT"]
[Termination "JeRoma71 won by resignation"]

1. e4 e6 2. Nf3 d5 3. Nc3 Nf6 4. e5 Nfd7 5. d4 c5 6. dxc5 Nc6 7. Bf4 Be7 8. h4 a6 9. h5 Nxc5 10. Rh3 b5 11. a3 Bb7 12. Rg3 g6 13. hxg6 hxg6 14.
Qd2 d4 15. Ne2 Ne4 16. Qd3 Nxg3 17. Bxg3 Qa5+ 18. Nd2 O-O-O 19. f4 Nb4 20. Qb3 d3 21.
cxd3 Rxd3 22. Rc1+ Kb8 23. axb4 Qd8 24. Qc2 Bxb4 25.
Rd1 Rh1 26. Bf2 Bxd2+ 27. Rxd2 Rxd2 28. Qb3 Rd1+ 29. Qxd1 Rxf1+ 30. Kxf1 Qxd1+ 31. Be1 Bxg2+ 32. Kf2 Bd5 33. Bb4 Qc2 34. Bd6+ Kb7 35. Ke3 Qe4+ 36. Kd2 Bc4 37. Nc1 Qxf4+ 38. Kc2 g5 39. b3 Qe4+ 40. Kc3 Bd5 41. Nd3 Qf3 42. Kd4 g4 43.
Nc5+ Kc6 44. Nd3 a5 45. Ne1 Qe4+ 46. Kc3 Qxe1+ 0-1

[Event "Early-Titled-Tuesday-Blitz-September-05-2023"]
[Site "Chess.com"]
[Date "2023.09.05"]
[Round "2"]
[White "Ali_rastbod"]
[Black "Indianlad"]
[Result "0-1"]
[WhiteElo "2666"]
[BlackElo "3062"]
[TimeControl "180+1"]
[EndTime "8:16:57 PDT"]
[Termination "Indianlad won by resignation"]

1. c4 Nf6 2. Nc3 g6 3. g3 Bg7 4. Bg2 O-O 5. d4 d6 6. e3 c5 7. Nge2 Na6 8. O-O Rb8 9. a3 Bd7 10. Rb1 Qc8 11. Re1 cxd4 12. Qxd4 Bf5 13. Ra1 Nc5 14. Qd1 Nd3 15. Rf1 Qxc4 16. Nd4 Nxc1 17.
Nxf5 gxf5 18. Rxc1 Qe6 19. Nd5 Nxd5 20. Bxd5 Qg6 21. Rc7 e6 22. Bxb7 d5 23. b4 h5 24.
Kg2 h4 25. Ba6 Be5 26. Rxa7 Kg7 27. f4 Bf6 28. Be2 Rh8 29. g4 Rbc8 30. Kh3 Rc3 31. Qd2 Rhc8 32. gxf5 Qxf5+ 33. Bg4 Qe4 34. Qg2 Qxg2+ 35.
Kxg2 Rxe3 36. Bh5 Rc2+ 37. Kh1 Kh6 38. Bg4 Rd3 39. Rxf7 Rdd2 40. Rxf6+ Kg7 41. Rg6+ Kxg6 42. f5+ Kg5 43. Bf3 Rxh2+ 44. Kg1 exf5 45. Bxd5 Rhd2 46. Bf3 h3 47. Kh1 Rf2 48. Rxf2 Rxf2 49. Bc6 Kf4 0-1

[Event "Early-Titled-Tuesday-Blitz-September-05-2023"]
[Site "Chess.com"]
[Date "2023.09.05"]
[Round "2"]
[White "artooon"]
[Black "Goryachkina"]
[Result "1-0"]
[WhiteElo "3054"]
[BlackElo "2659"]
[TimeControl "180+1"]
[EndTime "8:16:57 PDT"]
[Termination "artooon won on time"]

1. e4 e6 2. d4 d5 3. Nd2 Be7 4. Ngf3 Nf6 5. e5 Nfd7 6. c3 c5 7. Bd3 Nc6 8. O-O a5 9. a4 g5 10.
dxc5 Ndxe5 11. Nxe5 Nxe5 12. Bb5+ Bd7 13. Nb3 Ng6 14.
Be3 O-O 15. Qd2 Bc6 16. Nd4 Rc8 17. b4 Bf6 18. Rab1 e5 19. Nf5 axb4 20. Rxb4 Nf4 21. Nd6 Rc7 22. Bxc6 bxc6 23. Rfb1 Ne6 24. Qc2 Bg7 25.
Nf5 Qf6 26. Rb7 Rxb7 27. Rxb7 Kh8 28. Nxg7 Kxg7 29. a5 d4 30. cxd4 exd4 31. Bd2 Ra8 32. h3 Qe5 33. Qc4 Kf6 34. Rb3 Qxc5 35. Rf3+ Kg7 36.
Qd3 Qd5 37. Rf5 Qd8 38. Qg3 h6 39. h4 f6 40. Qb3 Qd7 41. h5 c5 42. Rd5 Qc7 43.
Qd3 Rb8 44. Qg6+ 1-0

[Event "Early-Titled-Tuesday-Blitz-September-05-2023"]
[Site "Chess.com"]
[Date "2023.09.05"]
[Round "2"]
[White "sofaceindisguise"]
[Black "Jospem"]
[Result "0-1"]
[WhiteElo "2659"]
[BlackElo "3050"]
[TimeControl "180+1"]
[EndTime "8:16:57 PDT"]
[Termination "Jospem won by resignation"]

1. Nf3 c5 2. c4 Nc6 3. d4 cxd4 4. Nxd4 Nf6 5. Nc3 Qb6 6. e3 g6 7. Be2 Bg7 8. O-O O-O 9. b3 d5 10. cxd5 Nxd4 11. Qxd4 Nxd5 12. Nxd5 Qd6 13. Qe4 Bxa1 14. Nxe7+ Kg7 15. Nxc8 Raxc8 16. Qxb7 Rc7 17. Qa6 Qe5 18. Bc4 Rd8 19. Ba3 Bb2 20. Bb4 Bc3 21.
Ba3 h5 22. h4 Qe4 23. Bd6 Rc6 24. Qb7 Rdxd6 25. Qxf7+ Kh6 26. g3 Qf5 27. Qxa7 Qf6 28.
a4 Rd2 29. Qa8 Rcd6 30. a5 Rd8 31. Qa7 Rf8 32. Qa6 Qxa6 33. Bxa6 Bxa5 34. Bc4 Bb6 0-1

[Event "Early-Titled-Tuesday-Blitz-September-05-2023"]
[Site "Chess.com"]
[Date "2023.09.05"]
[Round "2"]
[White "Let_it_be_1"]
[Black "artin10862"]
[Result "0-1"]
[WhiteElo "2641"]
[BlackElo "2984"]
[TimeControl "180+1"]
[EndTime "8:16:57 PDT"]
[Termination "artin10862 won on time"]

1. e4 c5 2. Nf3 d6 3. d4 cxd4 4. Nxd4 Nf6 5. Nc3 a6 6. Be2 e6 7.
O-O Be7 8. f4 O-O 9. a4 Qc7 10.
Kh1 b6 11. Bf3 Bb7 12. e5 dxe5 13. fxe5 Nfd7 14. Bxb7 Qxb7 15. Bf4 Nc6 16. Qf3 Rac8 17. Rad1 Nc5 18. Qg4 Rfd8 19. Nxc6 Qxc6 20. Bg5 Rxd1 21. Rxd1 Bf8 22. h3 b5 23. axb5 axb5 24. Rd2 Nd7 25. Qd4 Nb6 26. Ne4 Nd5 27. c3 h6 28. Bh4 Qc4 29. Bg3 Qc6 30. Nd6 Ra8 31. Rf2 f5 0-1

[Event "Early-Titled-Tuesday-Blitz-September-05-2023"]
[Site "Chess.com"]
[Date "2023.09.05"]
[Round "2"]
[White "chenrip"]
[Black "Bilan_Danila"]
[Result "1-0"]
[WhiteElo "2406"]
[BlackElo "2538"]
[TimeControl "180+1"]
[EndTime "8:16:57 PDT"]
[Termination "chenrip won on time"]

1. e4 c6 2. d4 d5 3. e5 c5 4. dxc5 Nc6 5. f4 Bf5 6. Nf3 e6 7. Bd3 Bxd3 8. cxd3 Bxc5 9. Nbd2 Qb6 10.
Qe2 Nh6 11. Nb3 Bb4+ 12. Bd2 Nf5 13. Bxb4 Qxb4+ 14. Qd2 Qb6 15. d4 O-O 16. g4 Nfe7 17.
O-O-O a5 18. Kb1 Rfc8 19. f5 a4 20. Nc5 Nxd4 21. Nxd4 Rxc5 22. f6 Ng6 23. h4 Nxe5 24. Qg5 Ng6 25. h5 h6 26. Qd2 Ne5 27. fxg7 Nc4 28.
Qe2 e5 29. Nf5 Na3+ 30. Ka1 Nc2+ 31. Kb1 Na3+ 32. Ka1 Nc2+ 33. Kb1 a3 34. Qxe5 Qxb2+ 35. Qxb2 axb2 36. Kxb2 Nb4 37. a3 Nc6 38. Rhe1 Rb5+ 39.
Kc2 Rc5+ 40. Kd2 d4 41. Rb1 Ra7 42. Re8+ 1-0

[Event "Early-Titled-Tuesday-Blitz-September-05-2023"]
[Site "Chess.com"]
[Date "2023.09.05"]
[Round "2"]
[White "Casper"]
[Black "brm72"]
[Result "1-0"]
[WhiteElo "2408"]
[BlackElo "2545"]
[TimeControl "180+1"]
[EndTime "8:16:58 PDT"]
[Termination "Casper won by checkmate"]

1. e4 c5 2. d4 cxd4 3. Qxd4 Nc6 4. Qe3 Nf6 5. Nc3 d6 6. Bd2 e6 7. O-O-O Be7 8. g4 h6 9. Be2 a6 10. h4 b5 11. Nh3 Bb7 12. Nf4 g6 13. g5 Nd7 14. gxh6 Nce5 15. h5 g5 16. Nh3 g4 17.
Nf4 Rc8 18. Rdg1 Nf6 19. Ng6 fxg6 20. hxg6 Nxg6 21. Qg5 Ne5 22. Bf4 b4 23. Bxe5 dxe5 24. Rd1 bxc3 25. Qg6+ Kf8 26. Qg7+ Ke8 27. Qxh8+ Kf7 28.
Qg7+ Ke8 29. h7 cxb2+ 30. Kb1 Nxh7 31. Qg6+ Kf8 32. Rxh7 Qe8 33. Qg7# 1-0

[Event "Early-Titled-Tuesday-Blitz-September-05-2023"]
[Site "Chess.com"]
[Date "2023.09.05"]
[Round "2"]
[White "Kapibara_Warri0r"]
[Black "ShiroglanTalibov"]
[Result "0-1"]
[WhiteElo "2426"]
[BlackElo "2781"]
[TimeControl "180+1"]
[EndTime "8:17:00 PDT"]
[Termination "ShiroglanTalibov won by resignation"]

1. d4 Nf6 2. Nc3 e6 3. e4 d5 4.
e5 Nfd7 5. f4 c5 6. Nf3 Nc6 7. Be3 a6 8. Qd2 b5 9. Be2 g6 10. O-O c4 11. Rae1 Nb6 12. Bf2 Be7 13. Nd1 Bd7 14. Ne3 Qc7 15. Bh4 Bxh4 16. Nxh4 h5 17.
Nf3 O-O-O 18. Ng5 Be8 19. b3 Kb7 20. bxc4 bxc4 21. c3 Ka7 22. Rb1 Rb8 23. Qc2 Ne7 24. Rb2 Ba4 25. Qb1 Nc6 26. f5 gxf5 27. Nxf5 exf5 28. Rxf5 Rhf8 29. Bxh5 Nxd4 30. cxd4 c3 31. Rbf2 c2 32. Qc1 Nd7 33. Rxc2 Bxc2 34. Rf1 Nxe5 35. dxe5 Qc5+ 36. Kh1 Rb1 37. Qf4 Rxf1+ 38. Qxf1 Rb8 39. h3 Rb1 0-1

[Event "Early-Titled-Tuesday-Blitz-September-05-2023"]
[Site "Chess.com"]
[Date "2023.09.05"]
[Round "2"]
[White "ExtremeLearner"]
[Black "Zurability"]
[Result "0-1"]
[WhiteElo "2379"]
[BlackElo "2731"]
[TimeControl "180+1"]
[EndTime "8:17:01 PDT"]
[Termination "Zurability won by resignation"]

1. Nf3 d5 2. c4 e6 3. g3 Nf6 4. Bg2 Be7 5. O-O O-O 6. d4 dxc4 7. Qc2 a6 8. a4 Bd7 9. Rd1 Bc6 10. Nc3 a5 11. e4 Na6 12. Ne5 Be8 13. Qe2 c6 14.
Nxc4 Nb4 15. Bg5 h6 16. Bxf6 Bxf6 17. e5 Be7 18. Ne4 Nd5 19. Ncd6 Qc7 20. Rac1 Bd7 21.
h4 f5 22. Nc5 b6 23. Nxd7 Qxd7 24. Qc4 Bxd6 25. exd6 Rfc8 26. Re1 Qxd6 27. Bxd5 exd5 28. Qd3 f4 29. Re5 fxg3 30. Qxg3 Rf8 31. Rce1 Rf6 32. Re8+ Rxe8 33. Rxe8+ Kf7 34. Re5 Rg6 35. Rf5+ Kg8 36. Rg5 hxg5 37. hxg5 Qxg3+ 0-1

[Event "Early-Titled-Tuesday-Blitz-September-05-2023"]
[Site "Chess.com"]
[Date "2023.09.05"]
[Round "2"]
[White "expii"]
[Black "MathiasWomacka"]
[Result "0-1"]
[WhiteElo "2237"]
[BlackElo "2480"]
[TimeControl "180+1"]
[EndTime "8:17:01 PDT"]
[Termination "MathiasWomacka won by resignation"]

1. e4 c5 2. Nf3 d6 3. d4 cxd4 4. Nxd4 Nf6 5. Nc3 a6 6. g3 e5 7. Nde2 Nbd7 8. Bg2 b5 9. O-O Be7 10. h3 Bb7 11. Be3 Nb6 12. b3 Rc8 13. g4 b4 14.
Nd5 Nfxd5 15. exd5 Bg5 16. Bxg5 Qxg5 17. Ng3 O-O 18. Qd3 Qe7 19. Be4 g6 20. Qe3 Nd7 21.
g5 f5 22. gxf6 Nxf6 23. Rad1 a5 24. Rd2 Rc3 25. Qe2 Nxe4 26. Qxe4 Qg5 27. Rfd1 Rf4 28. Qg2 Qh4 29. Re1 Bc8 30. Kh2 Qe7 31. Re4 Rxe4 32. Qxe4 Qg5 33. Re2 Ba6 34. Re1 Qd2 35. Qg4 Qxf2+ 36.
Kh1 Qxe1+ 37. Kh2 Rxc2+ 0-1

[Event "Early-Titled-Tuesday-Blitz-September-05-2023"]
[Site "Chess.com"]
[Date "2023.09.05"]
[Round "2"]
[White "angryspacevoid"]
[Black "lilleper1"]
[Result "0-1"]
[WhiteElo "2599"]
[BlackElo "2889"]
[TimeControl "180+1"]
[EndTime "8:17:02 PDT"]
[Termination "lilleper1 won on time"]

1. e4 c6 2. d4 d5 3. Nc3 a6 4.
Nf3 Bg4 5. h3 Bxf3 6. Qxf3 e6 7.
Be2 Nf6 8. O-O Be7 9. e5 Nfd7 10. Qg3 g6 11. f4 c5 12. dxc5 Nc6 13. Rd1 Bxc5+ 14. Kh1 Nd4 15. Bd3 Qe7 16. Be3 Nf5 17. Bxf5 gxf5 18. Rxd5 Bxe3 19. Qxe3 exd5 20. Nxd5 Qc5 21.
Nf6+ Ke7 22. Qg3 Nxf6 23. exf6+ Kd7 24. Rd1+ Kc7 25. Rd3 Kb6 26. Qf3 Rab8 27. Rc3 Qd4 28. Rb3+ Ka7 29. c3 Qc5 30. a4 Rhe8 31. Qg3 Qe3 32.
Qh4 Qe1+ 33. Qxe1 Rxe1+ 34. Kh2 Re4 35. a5 Rxf4 36. Ra3 Re4 37. b4 Re6 38. Ra1 Rc8 39. Rf1 Rxf6 40. Rf3 Rc4 41. Kg3 h5 42. h4 Rg6+ 43. Kh3 f4 44. Rd3 Rg3+ 45. Rxg3 fxg3 0-1

[Event "Early-Titled-Tuesday-Blitz-September-05-2023"]
[Site "Chess.com"]
[Date "2023.09.05"]
[Round "2"]
[White "sebastianmarinp"]
[Black "Chernobay_Artem"]
[Result "0-1"]
[WhiteElo "2402"]
[BlackElo "2605"]
[TimeControl "180+1"]
[EndTime "8:17:02 PDT"]
[Termination "Chernobay_Artem won by resignation"]

1. d4 Nf6 2. c4 e6 3. Nf3 d5 4.
e3 b6 5. cxd5 exd5 6. Nc3 Bb7 7.
Be2 Nbd7 8. O-O a6 9. Ne5 Bd6 10. f4 O-O 11. Bf3 Re8 12. g4 Ne4 13.
Bd2 c5 14. Be1 Qe7 15. Ne2 f6 16. Nxd7 Qxd7 17. Bxe4 Rxe4 18. Ng3 Rxe3 19. Bf2 Ree8 20.
Qd2 Qxg4 21. Be3 h5 22. Kh1 h4 23. Ne2 h3 24. Ng3 Re7 25. Rae1 Rae8 26. Qf2 cxd4 27. Bd2 Rxe1 28. Rxe1 Rxe1+ 29. Bxe1 Bxf4 0-1

[Event "Early-Titled-Tuesday-Blitz-September-05-2023"]
[Site "Chess.com"]
[Date "2023.09.05"]
[Round "2"]
[White "SpongeBob_03"]
[Black "Ncatt"]
[Result "1-0"]
[WhiteElo "2208"]
[BlackElo "2452"]
[TimeControl "180+1"]
[EndTime "8:17:02 PDT"]
[Termination "SpongeBob_03 won by checkmate"]

1. e4 c5 2. Nf3 Nc6 3. d4 cxd4 4. Nxd4 Nf6 5. Nc3 e6 6. Ndb5 Bc5 7. Nd6+ Ke7 8. Bf4 e5 9. Nf5+ Kf8 10. Bg5 d6 11.
g4 h6 12. Bh4 Be6 13. Bg2 g6 14. Nd5 Bxd5 15. exd5 gxf5 16. dxc6 bxc6 17. gxf5 Rc8 18. Qd3 Rg8 19. Qd2 Rxg2 20. Qxh6+ Ke8 21. Bxf6 Qa5+ 22. c3 Rxf2 23. b4 Qb5 24. Qh8+ Kd7 25. Qh5 Rf8 26.
bxc5 Qb2 27. Rd1 Rg2 28. Qf3 d5 29. Bxe5 Re8 30. Kf1 Reg8 31. Rxd5+ Kc8 32. Rd1 Qb5+ 33. Qd3 Qb7 34. Rb1 Qe7 35. Rb8# 1-0

[Event "Early-Titled-Tuesday-Blitz-September-05-2023"]
[Site "Chess.com"]
[Date "2023.09.05"]
[Round "2"]
[White "borocotoajua"]
[Black "Genghis_K"]
[Result "0-1"]
[WhiteElo "2595"]
[BlackElo "2872"]
[TimeControl "180+1"]
[EndTime "8:17:05 PDT"]
[Termination "Genghis_K won by resignation"]

1. d4 Nf6 2. Nf3 g6 3. c4 Bg7 4. g3 d6 5. Bg2 O-O 6. O-O Bf5 7. Nc3 Ne4 8. Nh4 Nxc3 9. bxc3 Bc8 10. Rb1 Nc6 11. e4 Na5 12. Qe2 c5 13. d5 b6 14.
Nf3 Ba6 15. Nd2 Bxc3 16. Rd1 Qd7 17. Qd3 Bxd2 18. Qxd2 Nxc4 19. Qc3 f6 20. Bh6 Rfc8 21. Bf1 Qa4 22. h4 Ne5 23. Bg2 b5 24. f4 Ng4 25.
Qf3 Nxh6 26. e5 Nf5 27. exf6 exf6 28. h5 Re8 29. hxg6 hxg6 30. Qg4 Kg7 31. Re1 Qd4+ 0-1

[Event "Early-Titled-Tuesday-Blitz-September-05-2023"]
[Site "Chess.com"]
[Date "2023.09.05"]
[Round "2"]
[White "amanjazu"]
[Black "kingofthenil"]
[Result "1-0"]
[WhiteElo "2373"]
[BlackElo "2709"]
[TimeControl "180+1"]
[EndTime "8:17:05 PDT"]
[Termination "amanjazu won by checkmate"]

1. f4 d5 2. Nf3 Bg4 3. Ne5 h5 4.
g3 Nd7 5. d4 Bf5 6. Bg2 Ngf6 7.
c4 c6 8. Nc3 e6 9. O-O h4 10.
cxd5 cxd5 11. g4 Nxg4 12. e4 h3 13. Bh1 dxe4 14. Nxg4 Qh4 15. Ne3 Rh6 16. Bxe4 Rg6+ 17.
Kh1 Bxe4+ 18. Nxe4 O-O-O 19. Bd2 Nb6 20. Rc1+ Kb8 21.
Be1 Qh7 22. Bg3 Rh6 23. f5+ Ka8 24. Bc7 Re8 25. Bxb6 exf5 26. Qa4 a5 27. Qxe8# 1-0

[Event "Early-Titled-Tuesday-Blitz-September-05-2023"]
[Site "Chess.com"]
[Date "2023.09.05"]
[Round "2"]
[White "The_Princess_Moon"]
[Black "the-gambler"]
[Result "0-1"]
[WhiteElo "2252"]
[BlackElo "2598"]
[TimeControl "180+1"]
[EndTime "8:17:05 PDT"]
[Termination "the-gambler won by checkmate"]

1. e4 Nf6 2. e5 Nd5 3. Nc3 Nxc3 4.
bxc3 d6 5. exd6 exd6 6. d4 Be7 7.
Nf3 O-O 8. Bd3 Bg4 9. h3 Bh5 10.
O-O Nd7 11. Rb1 Nb6 12. c4 Bg6 13. c3 Nxc4 14. Rxb7 Nb6 15. a4 Nxa4 16. Bxg6 Nxc3 17. Bxh7+ Kxh7 18. Qc2+ Kg8 19. Qxc3 c5 20. Re1 Bf6 21. Qc4 cxd4 22. Nxd4 Rc8 23. Nc6 d5 24. Qa4 Qd6 25.
Bf4 Qxc6 26. Qxa7 Rfe8 27. Rc1 Qe6 28. Rxc8 Rxc8 29. Rb8 Rxb8 30. Qxb8+ Kh7 31. Qb1+ g6 32. Qd3 d4 33. Bg3 Kg7 34. Bf4 Qe1+ 35. Kh2 Qxf2 36.
Bg3 Qb2 37. Bf4 Qb7 38. Qd2 Qe4 39. Bh6+ Kh7 40. Bf8 Be5+ 41. Kg1 Bf4 42. Qa2 Qe1# 0-1

[Event "Early-Titled-Tuesday-Blitz-September-05-2023"]
[Site "Chess.com"]
[Date "2023.09.05"]
[Round "2"]
[White "matecontomate123"]
[Black "ZuraTqebuchava"]
[Result "1/2-1/2"]
[WhiteElo "2458"]
[BlackElo "2257"]
[TimeControl "180+1"]
[EndTime "8:17:05 PDT"]
[Termination "Game drawn by repetition"]

1. e4 e5 2. Nf3 Nc6 3. Nc3 Be7 4. d4 exd4 5. Nxd4 d6 6. Bc4 Nf6 7. O-O O-O 8. Re1 Ne5 9. Be2 Re8 10. Nf3 h6 11. Nxe5 dxe5 12. Be3 Be6 13. a3 Qxd1 14. Raxd1 c6 15. f3 b6 16. Nb1 Rad8 17. Rxd8 Rxd8 18.
Rd1 Rxd1+ 19. Bxd1 Kf8 20. Nd2 Ke8 21. Be2 Kd7 22.
Bc4 Kd6 23. Kf2 Nd7 24. Bxe6 Kxe6 25. Nb3 Bd6 26. Ke2 f6 27. a4 h5 28. h3 g6 29. g4 f5 30. gxf5+ gxf5 31. c4 fxe4 32. fxe4 Nf6 33. Kf3 Nd7 34. a5 Kf6 35. axb6 axb6 36. Ke2 Bc5 37. Nxc5 Nxc5 38. Bxc5 bxc5 39. h4 Ke6 40.
Kd3 Kd6 41. Kc3 Kc7 42. Kb3 Kb6 43. Ka4 Ka6 44. b4 cxb4 45. Kxb4 Kb6 46. c5+ Kb7 47. Ka5 Ka7 48. Kb4 Kb7 49. Ka5 Ka7 50. Kb4 Kb7 1/2-1/2

[Event "Early-Titled-Tuesday-Blitz-September-05-2023"]
[Site "Chess.com"]
[Date "2023.09.05"]
[Round "2"]
[White "NovoselovRoman"]
[Black "Quattroporte300"]
[Result "0-1"]
[WhiteElo "2574"]
[BlackElo "2415"]
[TimeControl "180+1"]
[EndTime "8:17:06 PDT"]
[Termination "Quattroporte300 won by checkmate"]

1. d4 d5 2. Nc3 e6 3. Bf4 c5 4. e3 a6 5. Nf3 Nc6 6. Be2 Nf6 7. O-O c4 8. Ne5 Be7 9. Qd2 Nxe5 10. Bxe5 b5 11. e4 b4 12. Bxf6 Bxf6 13. Na4 dxe4 14. Qxb4 Qxd4 15. Rad1 Qa7 16. Bxc4 Be7 17. Qb3 O-O 18.
Qg3 Bd7 19. Nc3 Bc6 20. Rfe1 Qb7 21. Bb3 a5 22. a4 Bb4 23. Re3 h6 24. Qe5 Rad8 25.
Rde1 Qb8 26. Qh5 Qf4 27. Rg3 Rd2 28. Rf1 Bc5 29. Ne2 Qxf2+ 30. Rxf2 Rd1# 0-1

[Event "Early-Titled-Tuesday-Blitz-September-05-2023"]
[Site "Chess.com"]
[Date "2023.09.05"]
[Round "2"]
[White "emirgulbeyaz"]
[Black "GaalZsoka"]
[Result "1-0"]
[WhiteElo "2313"]
[BlackElo "2460"]
[TimeControl "180+1"]
[EndTime "8:17:07 PDT"]
[Termination "emirgulbeyaz won by resignation"]

1. e4 e5 2. Nf3 Nc6 3. Bc4 d6 4. d4 exd4 5. Nxd4 Nf6 6. Nc3 Nxd4 7. Qxd4 Be6 8. Bf4 Be7 9. O-O-O O-O 10. f3 Qc8 11. g4 a6 12. g5 Nh5 13. Be3 b5 14.
Bd5 c6 15. Bxe6 fxe6 16. Rhf1 e5 17. Qd3 Qe6 18. Kb1 a5 19. Ne2 a4 20. Ng3 g6 21. Nxh5 gxh5 22. f4 exf4 23. Bxf4 Rad8 24. Qg3 Qg6 25. h4 b4 26. Qd3 a3 27. Qc4+ Qf7 28. Qxc6 axb2 29. Qd5 Qxd5 30. exd5 Rf5 31. Be3 Rdf8 32. Rxf5 Rxf5 33. Kxb2 Re5 34. Rd3 Re4 35. Bf2 Bf8 36. Kb3 Bg7 37. Re3 Rxe3+ 38. Bxe3 Bc3 39. a4 bxa3 40. Kxc3 a2 41. Kb2 Kf7 42. Kxa2 Kg6 43. Bf4 Kf5 44. Bxd6 1-0

[Event "Early-Titled-Tuesday-Blitz-September-05-2023"]
[Site "Chess.com"]
[Date "2023.09.05"]
[Round "2"]
[White "Shivananda1964"]
[Black "C_K_G"]
[Result "1-0"]
[WhiteElo "2443"]
[BlackElo "2064"]
[TimeControl "180+1"]
[EndTime "8:17:07 PDT"]
[Termination "Shivananda1964 won on time"]

1. e4 c5 2. Nf3 d6 3. Bc4 e6 4. d3 Nc6 5. a3 Nf6 6. O-O Be7 7. Ba2 O-O 8. Nc3 Qc7 9. Ng5 Nd4 10. f4 a6 11. Ne2 Nxe2+ 12. Qxe2 b5 13. Bd2 h6 14. Nh3 Bb7 15. f5 exf5 16. Rxf5 c4 17.
Raf1 d5 18. e5 Nh7 19. d4 Bc8 20. R5f4 Be6 21. c3 a5 22. Bb1 b4 23. Qh5 bxa3 24. bxa3 Rab8 25. R4f3 Rb2 26. Bxh6 Rxb1 27. Rxb1 gxh6 28. Qxh6 Kh8 29. Rbf1 Rg8 30. Rxf7 Bxf7 31. Rxf7 1-0

[Event "Early-Titled-Tuesday-Blitz-September-05-2023"]
[Site "Chess.com"]
[Date "2023.09.05"]
[Round "2"]
[White "Markov_Mikhail"]
[Black "Jumbo"]
[Result "1-0"]
[WhiteElo "2657"]
[BlackElo "2931"]
[TimeControl "180+1"]
[EndTime "8:17:08 PDT"]
[Termination "Markov_Mikhail won by resignation"]

1. c4 e5 2. Nc3 Nf6 3. Nf3 Nc6 4. a3 a5 5. g3 d5 6. cxd5 Nxd5 7. Bg2 Nb6 8. O-O Be7 9. d3 O-O 10. Be3 Be6 11.
Rc1 a4 12. Bxb6 cxb6 13. Nxa4 e4 14. Nd2 Bg5 15. Bxe4 Bxd2 16. Qxd2 Rxa4 17. Bxc6 bxc6 18. Rxc6 Qd5 19. Rfc1 Bh3 20. f3 Re8 21. Kf2 h5 22.
R6c4 b5 23. Rb4 Qe5 24. d4 Qe7 25. Rc5 Rxb4 26. axb4 h4 27. Rxb5 Qd6 28. Qf4 Qxf4 29. gxf4 g6 30. e4 Ra8 31. d5 Ra2 32. d6 Rxb2+ 33.
Ke3 Rxh2 34. f5 gxf5 35. exf5 Kf8 36. Rb8+ Kg7 37. d7 1-0

[Event "Early-Titled-Tuesday-Blitz-September-05-2023"]
[Site "Chess.com"]
[Date "2023.09.05"]
[Round "2"]
[White "Rodalquilar"]
[Black "hongnhung1234"]
[Result "0-1"]
[WhiteElo "2783"]
[BlackElo "2538"]
[TimeControl "180+1"]
[EndTime "8:17:08 PDT"]
[Termination "hongnhung1234 won by resignation"]

1. d4 f5 2. Nf3 Nf6 3. g3 g6 4. Bg2 Bg7 5. O-O O-O 6. Nbd2 d6 7. Re1 Nc6 8. e4 fxe4 9. Nxe4 Nxe4 10. Rxe4 Bf5 11. Re2 Bg4 12. Re4 Bxf3 13. Bxf3 d5 14. Rh4 Nxd4 15. Bg2 Nf5 16. Qxd5+ e6 17. Qxe6+ Kh8 18.
Re4 Qd1+ 19. Re1 Qxc2 20. Be4 Qxf2+ 21. Kxf2 Nd4+ 22. Kg2 Nxe6 23. Bxb7 Rae8 24. Bc6 Re7 25. Bg5 Bf6 26. Bxf6+ Rxf6 27. Re2 Nf4+ 0-1

[Event "Early-Titled-Tuesday-Blitz-September-05-2023"]
[Site "Chess.com"]
[Date "2023.09.05"]
[Round "2"]
[White "Thecourseoisildur"]
[Black "Tsyhanchuk_Stanislav"]
[Result "1-0"]
[WhiteElo "2587"]
[BlackElo "2399"]
[TimeControl "180+1"]
[EndTime "8:17:09 PDT"]
[Termination "Thecourseoisildur won by resignation"]

1. e4 c5 2. Nf3 d6 3. d4 cxd4 4.
Nxd4 Nf6 5. Nc3 a6 6. Rg1 e5 7.
Nb3 b5 8. g4 Bb7 9. Qf3 b4 10.
Nd5 Nxd5 11. exd5 Nd7 12. Bg2 a5 13. Be3 a4 14. Nd2 Nf6 15. Bg5 Bxd5 16. Qxd5 Nxd5 17. Bxd8 Rxd8 18. Bxd5 Rc8 19. Bc4 Be7 20. Bb5+ Kf8 21.
Bxa4 Bg5 22. Ne4 Bf4 23. Nxd6 Rd8 24. Ne4 Bxh2 25. Rh1 Bf4 26. Ke2 g6 27. Rad1 Ra8 28. Bb3 Kg7 29. Rd7 Rhf8 30. g5 Rac8 31. Nf6 h5 32.
Ne4 Rcd8 33. Rhd1 Rxd7 34. Rxd7 h4 35. Nd6 h3 36. Nxf7 h2 37. Nxe5+ 1-0

[Event "Early-Titled-Tuesday-Blitz-September-05-2023"]
[Site "Chess.com"]
[Date "2023.09.05"]
[Round "2"]
[White "Aswathchess"]
[Black "Brave_spirit12"]
[Result "0-1"]
[WhiteElo "2574"]
[BlackElo "2846"]
[TimeControl "180+1"]
[EndTime "8:17:10 PDT"]
[Termination "Brave_spirit12 won by resignation"]

1. d4 Nf6 2. c4 e6 3. g3 d5 4. Bg2 Be7 5. Nf3 O-O 6. O-O c6 7.
Qc2 b6 8. Nbd2 Bb7 9. e4 Na6 10. a3 c5 11. exd5 exd5 12. Nh4 cxd4 13. Nf5 Nc5 14.
Nxd4 dxc4 15. Bxb7 Nxb7 16. Nc6 Qc7 17. Nxe7+ Qxe7 18. Qxc4 Rac8 19. Qh4 Rfd8 20. Nf3 Qe2 21. Nd4 Qd3 22. Be3 Nc5 23. Rad1 Qg6 24. Nb5 a6 25. Na7 Ra8 26. Nc6 Re8 27. Bxc5 bxc5 28.
Qc4 Ne4 29. Qd5 Rac8 30. Ne5 Qf5 31. Nc4 Qf6 32. f3 Ng5 33. Nd6 Red8 34. Nxc8 Rxd5 35.
Rxd5 h6 36. f4 Ne4 37. Re1 Qxb2 38. Rd8+ Kh7 39. Rf1 c4 40. Ne7 Qb6+ 0-1

[Event "Early-Titled-Tuesday-Blitz-September-05-2023"]
[Site "Chess.com"]
[Date "2023.09.05"]
[Round "2"]
[White "Journey_to_GrandMaster_YT"]
[Black "kleinebeer98"]
[Result "1-0"]
[WhiteElo "2603"]
[BlackElo "2849"]
[TimeControl "180+1"]
[EndTime "8:17:12 PDT"]
[Termination "Journey_to_GrandMaster_YT won by resignation"]

1. d4 Nf6 2. Nf3 a6 3. c4 b5 4.
cxb5 axb5 5. e3 b4 6. Bd3 e6 7.
O-O Bb7 8. Nbd2 c5 9. dxc5 Bxc5 10. Nb3 Be7 11. Bd2 O-O 12. Nfd4 Nc6 13. Nxc6 Bxc6 14. Nd4 Be4 15. Bxe4 Nxe4 16. Qc2 f5 17. Rfc1 Bf6 18.
Bxb4 Rf7 19. Qc7 Qe8 20. f3 d5 21. Qc6 Bxd4 22. Qxe8+ Rxe8 23. exd4 Nf6 24. Bc5 g5 25. a4 g4 26. a5 gxf3 27. gxf3 Ra8 28. a6 Nd7 29. b4 e5 30. b5 Rf6 31. dxe5 Nxe5 32.
b6 Nxf3+ 33. Kf2 Nd2 34. b7 Ne4+ 35. Kf3 Re8 36. a7 Ng5+ 37. Kg2 Re2+ 38. Bf2 Rg6 39. b8=Q+ Kg7 40. Qb7+ Kh6 41. Kf1 Rxf2+ 42. Kxf2 Ne4+ 43.
Ke3 Nd6 44. a8=Q f4+ 45. Kxf4 1-0

[Event "Early-Titled-Tuesday-Blitz-September-05-2023"]
[Site "Chess.com"]
[Date "2023.09.05"]
[Round "2"]
[White "XDPS"]
[Black "ayanakhmetov"]
[Result "1-0"]
[WhiteElo "2862"]
[BlackElo "2586"]
[TimeControl "180+1"]
[EndTime "8:17:12 PDT"]
[Termination "XDPS won by resignation"]

1. d4 e6 2. Nf3 b6 3. Bf4 Bb7 4.
e3 Nf6 5. h3 d6 6. Nbd2 Be7 7. Bd3 O-O 8. e4 Nc6 9. c3 e5 10. Be3 exd4 11. cxd4 Nb4 12. Bb1 c5 13.
a3 Nc6 14. O-O Re8 15. d5 Nb8 16. Re1 Nbd7 17. Bf4 Bf8 18. Nc4 Qc7 19. a4 a6 20.
Bh2 b5 21. axb5 axb5 22. Rxa8 Rxa8 23. Nxd6 Bxd6 24. e5 Nxe5 25. Bxe5 Bxe5 26. Nxe5 Bxd5 27. Ng4 Nxg4 28. Qxg4 Rd8 29. Qg5 g6 30. Rd1 h6 31.
Qxh6 Qe5 32. Qd2 Rd7 33. Re1 Qd4 34. Qh6 Rd8 35. Qg5 Rd7 36. Bxg6 fxg6 37. Qxg6+ 1-0